 Dungeon Crawl Stone Soup version 0.21.1-1-g345015fe64 (webtiles) character file.

1264 Gargoyl the Chopper (level 8, 0/67 HPs)
             Began as a Centaur Abyssal Knight on June 19, 2018.
             Was a Priest of Lugonu.
             Killed from afar by a steam dragon (17 damage)
             ... with a ball of steam
             ... on level 5 of the Dungeon.
             The game lasted 00:09:57 (5135 turns).

Gargoyl the Chopper (Centaur Abyssal Knight)        Turns: 5135, Time: 00:09:58

Health: 0/67       AC: 10    Str: 23    XL:     8   Next: 27%
Magic:  11/12      EV: 12    Int: 11    God:    Lugonu [***...]
Gold:   421        SH:  0    Dex: 17    Spells: 7/7 levels left

rFire    . . .     SeeInvis .   a - +1 hand axe
rCold    . . .     Gourm    .   (no shield)
rNeg     . . .     Faith    .   f - +0 chain mail
rPois    .         Spirit   .   p - +1 hat
rElec    .         Reflect  .   (no cloak)
rCorr    .         Harm     .   e - +0 pair of gloves
MR       .....                  (no barding)
Stlth    ..........             (no amulet)
HPRegen  0.21/turn              g - +3 ring of dexterity
MPRegen  0.13/turn              j - +4 ring of strength

@: agile, very quick
A: large, hooves 3, deformed body, speed 2, high mp 1, strong 1, tough skin 3
a: Depart the Abyss, Bend Space, Banish, Renounce Religion


You were on level 5 of the Dungeon.
You worshipped Lugonu.
Lugonu was most pleased with you.
You were not hungry.

You visited 1 branch of the dungeon, and saw 7 of its levels.
You visited the Abyss 1 time.

You collected 421 gold pieces.

Inventory:

Hand Weapons
 a - a +1 hand axe (weapon)
Armour
 e - a +0 pair of gloves (worn)
 f - a +0 chain mail (worn)
 p - a +1 hat (worn)
Jewellery
 g - a +3 ring of dexterity (left hand)
 j - a +4 ring of strength (right hand)
 t - an uncursed ring of protection from cold
 u - an uncursed ring of protection from cold
Wands
 s - a wand of polymorph (15)
Scrolls
 b - 3 scrolls of remove curse
 h - 2 scrolls of identify
 k - a scroll of blinking {unknown}
 q - a scroll of fog
Potions
 i - a potion of lignification {unknown}
 m - 3 potions of curing
 r - a potion of invisibility
Comestibles
 c - 8 rations


   Skills:
 + Level 4.7 Fighting
 + Level 5.0 Axes
 * Level 4.7 Armour
 + Level 1.8 Dodging
 * Level 4.8 Invocations


You had 7 spell levels left.
You didn't know any spells.

Dungeon Overview and Level Annotations

Branches:
Dungeon (7/15)
 Temple: D:4-7

Altars:
Elyvilon
Makhleb
Nemelex Xobeh
Ru
Vehumet
Wu Jian

Annotations:
D:7 Joseph


Innate Abilities, Weirdness & Mutations

You have hooves in place of feet.
Armour fits poorly on your strangely shaped body.
You cover ground very quickly.
You have extremely tough skin. (AC +3)
You have an increased reservoir of magic. (+10% MP)
Your muscles are strong. (Str +2)


Message History

The ball of steam misses you.
The ball of steam hits the fungus.
The fungus is engulfed in a cloud of scalding steam.
The steam dragon bites you! The steam dragon claws you.
* * * LOW HITPOINT WARNING * * *
You hit the steam dragon but do no damage.
Your kick misses the steam dragon.
The fungus is engulfed in a cloud of scalding steam.
The fungus is destroyed!
The steam dragon bites you.
* * * LOW HITPOINT WARNING * * *
The steam dragon barely misses you.
It was a potion of mutation.
You feel extremely strange.
You feel stronger.
You feel more energetic.
The steam dragon bites you but does no damage.
The steam dragon claws you but does no damage.
It was a potion of agility.
You feel agile all of a sudden. The steam dragon breathes steam at you.
The ball of steam hits you!
You die...

..#####...#####.#(.###.###)....##
....................(..###.....##
.........[.....................#
..........>....#####....##.....#
..###.......####.P.##.#..>.....#
#######...#.###§≈≈PP##.....#.###
..^^≈#########§§...P.##.####.####
......P≈P.P.≈≈.[§....#...........
P≈P≈≈..........D@...≈##.#..#.###.
P#######PPP^PP≈≈...P###.#..#.###.
## #######≈≈.P≈P#............
###PP########.#####. ####
#....... ########


You could see a steam dragon.

Vanquished Creatures
  Sigmund (D:2)
  A steam dragon (D:5)
  Menkaure (D:4)
  Duvessa (D:5)
  A sky beast (D:5)
  A phantom (D:4)
  Dowan (D:5)
  A wyvern skeleton (D:4)
  3 orc wizards (D:7)
  3 orc priests
  2 bullfrog skeletons
  A centaur skeleton (D:4)
  2 worker ants
  3 gnolls
  6 adders
  A worm (D:2)
  A dart slug (D:2)
  3 leopard geckos
  13 orcs
  A ball python (D:4)
  13 bats
  3 giant cockroaches
  9 goblins
  6 hobgoblins
  9 jackals (D:3)
  3 quokkas
  4 frilled lizards
  2 kobolds (D:1)
  11 rats
107 creatures vanquished.

Vanquished Creatures (others)
  A fungus (D:5)
1 creature vanquished.

Grand Total: 108 creatures vanquished

Notes
Turn   | Place    | Note
-------+----------+-------------------------------------------
     0 | Abyss:1  | Gargoyl the Centaur Abyssal Knight began the quest for the Orb.
     0 | Abyss:1  | Reached XP level 1. HP: 19/19 MP: 2/2
    53 | Abyss:2  | Noticed a worldbinder
   131 | Abyss:2  | Noticed a thrashing horror
   134 | D:1      | Escaped the Abyss
   365 | D:1      | Reached XP level 2. HP: 24/26 MP: 3/3
   375 | D:1      | Reached * piety under Lugonu
   563 | D:1      | Reached skill level 2 in Axes
   785 | D:2      | Reached XP level 3. HP: 31/31 MP: 4/4
   952 | D:2      | Found a sparkling altar of Nemelex Xobeh.
   957 | D:2      | Noticed Sigmund
  1258 | D:2      | Killed Sigmund
  1258 | D:2      | Reached skill level 1 in Dodging
  1258 | D:2      | Reached XP level 4. HP: 13/40 MP: 4/6
  1258 | D:2      | Reached XP level 5. HP: 15/46 MP: 4/7
  1655 | D:2      | Reached ** piety under Lugonu
  1834 | D:3      | Reached skill level 3 in Axes
  1866 | D:3      | Found an ornate altar of the Wu Jian Council.
  2195 | D:3      | Reached XP level 6. HP: 45/52 MP: 8/8
  2352 | D:3      | Found a radiant altar of Vehumet.
  2352 | D:3      | Found a faded altar of an unknown god.
  2448 | D:3      | Found a burning altar of Makhleb.
  2450 | D:3      | Found a faded altar of an unknown god.
  2452 | D:3      | Found a sacrificial altar of Ru.
  2898 | D:4      | Noticed Menkaure
  2906 | D:4      | Killed Menkaure
  3286 | D:4      | Found a white marble altar of Elyvilon.
  3312 | D:4      | Reached XP level 7. HP: 59/59 MP: 9/9
  3679 | D:5      | Entered Level 5 of the Dungeon
  3698 | D:5      | Reached skill level 4 in Axes
  3811 | D:5      | You fall through a shaft for 2 floors!
  3908 | D:7      | Noticed a troll
  4100 | D:7      | Noticed Joseph
  4108 | D:6      | Reached *** piety under Lugonu
  4261 | D:5      | Noticed Dowan
  4262 | D:5      | Noticed Duvessa
  4346 | D:5      | Killed Duvessa
  4377 | D:5      | Killed Dowan
  4377 | D:5      | Reached XP level 8. HP: 41/67 MP: 11/11
  5127 | D:5      | Reached skill level 5 in Axes
  5134 | D:5      | Gained mutation: Your muscles are strong. (Str +2) [potion of mutation]
  5134 | D:5      | Gained mutation: You have an increased reservoir of magic. (+10% MP) [potion of mutation]
  5135 | D:5      | Killed from afar by a steam dragon

Skill      XL: |  1  2  3  4  5  6  7  8 |
---------------+-------------------------+-----
Axes           | 2 3 4 5 |  5.0
Armour         | 2 3 4 |  4.7
Dodging        | 1 |  1.8
Invocations    | 3 4 |  4.8
Fighting       | 4 |  4.7

Action                   |  1- 3 |  4- 6 |  7- 9 || total
-------------------------+-------+-------+-------++-------
Melee: Hand axe          |    76 |   104 |   133 ||   313
       Kick              |    12 |    22 |    44 ||    78
Invok: Depart the Abyss  |     1 |       |       ||     1
  Use: Scroll            |     3 |     2 |     6 ||    11
       Potion            |     6 |       |     2 ||     8
  Eat: Ration            |       |     2 |       ||     2
       Chunk             |       |       |     4 ||     4
Armor: Scale mail        |    50 |    54 |    33 ||   137
       Chain mail        |       |       |    57 ||    57
Dodge: Dodged            |    37 |    49 |    62 ||   148
